 Dungeon Crawl Stone Soup version 0.19-a0-1007-g133f65f (webtiles) character file.

329050 nubinia the Ruinous (level 21, -2/88 HPs)
             Began as a Tengu Fire Elementalist on June 30, 2016.
             Was a High Priest of Sif Muna.
             Killed from afar by a starcursed mass (7 damage)
             ... with an accursed screaming
             ... on level 3 of the Abyss on July 21, 2016.
             The game lasted 09:04:39 (67615 turns).

nubinia the Ruinous (Tengu Fire Elementalist)      Turns: 67615, Time: 09:04:40

Health: -2/88      AC: 21    Str: 18 (21) XL:     21   Next: 71%
Magic:  40/40      EV: 27    Int: 20      God:    Sif Muna [*****.]
Gold:   2224       SH: 13    Dex: 17 (18) Spells: 15 memorised, 2 levels left

rFire  + . .     SeeInvis .     b - +7 flail (protect)
rCold  . . .     Gourm    .     E - +2 robe {rN+}
rNeg   + . .     Faith    .     w - +2 shield
rPois  +         Spirit   .     Y - +2 hat
rElec  .         Dismiss  .     D - +4 cloak "Igeyghav" {Str+5}
rCorr  .         Reflect  .     V - +2 pair of gloves {Dex+3}
SustAt .         Harm     .     (boots unavailable)
MR     +....     Rnd*Rage +     a - amulet "Yzimulel" {RegenMP rPois}
Stlth  ++++......               n - +6 ring of evasion
                                f - ring of protection from fire

@: flying quickly and evasively, very slightly contaminated, hasted, delayed
fireball, repel missiles, divine energy, very quick, somewhat resistant to
hostile enchantments, stealthy
A: beak, talons 3, berserk 2, clever 1, deterioration 1, dopey 2, frail 2, sense
surroundings 1, screaming 2, strong 2, able to fly 2, sturdy frame 1
a: Stop Flying, Stop Divine Energy, Channel Magic, Forget Spell, Renounce
Religion, Release Delayed Fireball
}: 2/15 runes: serpentine, barnacled


You were on level 3 of the Abyss.
You worshipped Sif Muna.
Sif Muna was extremely pleased with you.
You were not hungry.

You visited 7 branches of the dungeon, and saw 35 of its levels.
You visited the Abyss 1 time.

You collected 3540 gold pieces.
You spent 1316 gold pieces at shops.

Inventory:

Hand Weapons
 b - a +7 flail of protection (weapon)
Armour
 h - the +4 chain mail "Pijiraal" {rElec rC- rCorr Int+3}
   (You took it off a merfolk impaler on level 4 of the Shoals)

   It affects your intelligence (+3).
   It makes you vulnerable to cold.
   It insulates you from electricity.
   It protects you from acid and corrosion.
 v - a +2 leather armour of fire resistance
 w - a +2 shield (worn)
 D - the +4 cloak "Igeyghav" (worn) {Str+5}
   (You bought it in a shop on level 12 of the Dungeon)

   It affects your strength (+5).
 E - a +2 robe of positive energy (worn)
 K - the +4 robe of Augmentation {Str+4 Int+4 Dex+4}
   (You found it on level 6 of the Dungeon)

   It affects your strength (+4).
   It affects your intelligence (+4).
   It affects your dexterity (+4).
 N - the +1 robe "Dyedeps" {rElec rPois Stlth+}
   (You found it on level 7 of the Dungeon)

   It insulates you from electricity.
   It protects you from poison.
   It makes you more stealthy.
 T - the +7 ring mail of the Nine Wars {+Blink MR+ Int+4 Dex-2}
   (You found it on level 1 of the Vaults)

   It affects your intelligence (+4).
   It affects your dexterity (-2).
   It affects your resistance to hostile enchantments.
   It lets you blink.
 V - a +2 pair of gloves of dexterity (worn)
 Y - a +2 hat (worn)
Magical Staves
 B - an uncursed staff of fire
Jewellery
 a - the amulet "Yzimulel" (around neck) {RegenMP rPois}
   (You found it on level 6 of the Lair of Beasts)

   [amulet of magic regeneration]

   It increases your magic regeneration.
   It protects you from poison.
 d - a +4 ring of dexterity
 f - a ring of protection from fire (left hand)
 i - an uncursed ring of see invisible
 m - an uncursed ring of magical power
 n - a +6 ring of evasion (right hand)
 p - an uncursed ring of positive energy
 t - an uncursed ring of ice
 J - an uncursed amulet of dismissal
Wands
 q - a wand of teleportation (1/9)
 S - a wand of digging (0/24)
 Z - a wand of iceblast (14/15)
Scrolls
 g - 6 scrolls of recharging
 j - 12 scrolls of identify
 l - 6 scrolls of magic mapping
 o - 4 scrolls of teleportation
 C - a scroll of blinking
 H - 9 scrolls of remove curse
 L - a scroll of holy word
 X - 12 scrolls of enchant armour
Potions
 e - 5 potions of might
 k - a potion of curing
 r - a potion of resistance
 s - 3 potions of haste
 A - 6 potions of cancellation
 G - 2 potions of agility
 I - 4 potions of brilliance
 P - 6 potions of invisibility
 Q - 2 potions of ambrosia
 W - 2 potions of magic
Books
 O - Madamuma's Reference Book on the Enthralling Volcanoes
   (Sif Muna gifted it to you on level 1 of the Vaults)

   Spells                             Type                      Level
   a - Conjure Flame                  Conjuration/Fire             3
   b - Dazzling Spray                 Conjuration/Hexes            3
   c - Summon Guardian Golem          Hexes/Summoning              3
   d - Silence                        Hexes/Air                    5
   e - Metabolic Englaciation         Hexes/Ice                    5
   f - Delayed Fireball               Conjuration/Fire             7
 R - Sif Muna's Incunabulum of the Compass and Battle Magic
   (Sif Muna gifted it to you on level 2 of the Elven Halls)

   Spells                             Type                      Level
   a - Throw Flame                    Conjuration/Fire             2
   b - Blink                          Translocation                2
   c - Throw Icicle                   Conjuration/Ice              4
   d - Force Lance                    Conjuration/Translocation    4
   e - Disjunction                    Translocation                8
Miscellaneous
 F - a phantom mirror
Comestibles
 c - 20 bread rations
 y - 13 meat rations
 M - 8 fruits


   Skills:
 + Level 5.4 Fighting
 + Level 6.3 Maces & Flails
   Level 3.1 Polearms
 + Level 0.4 Throwing
 + Level 11.0 Armour
 + Level 8.4 Dodging
 + Level 7.1 Stealth
 + Level 6.4 Shields
 + Level 14.9 Spellcasting
 * Level 23.6 Conjurations
 + Level 1.4 Charms
 + Level 6.4 Summonings
 + Level 4.8 Translocations
   Level 1.0 Transmutations
 + Level 18.2 Fire Magic
 * Level 15.0 Air Magic
   Level 0.2 Earth Magic
 + Level 3.2 Poison Magic
 - Level 5.0 Invocations
 + Level 0.4 Evocations


You had 2 spell levels left.
You knew the following spells:

 Your Spells              Type           Power        Failure   Level  Hunger
a - Dazzling Spray        Conj/Hex       ######       1%          3    None
b - Throw Flame           Conj/Fire      ######       0%          2    None
c - Mephitic Cloud        Conj/Pois/Air  ######..     1%          3    None
d - Sticky Flame          Conj/Fire      #######.     1%          4    None
e - Summon Lightning Spi  Summ/Air       ######..     1%          4    None
f - Force Lance           Conj/Tloc      ######..     1%          4    None
g - Shroud of Golubria    Chrm/Tloc      ####......   8%          2    None
h - Bolt of Fire          Conj/Fire      #######...   1%          6    #####..
i - Iskenderun's Mystic   Conj           #######.     0%          4    None
j - Apportation           Tloc           ####......   1%          1    None
k - Conjure Flame         Conj/Fire      #######.     0%          3    None
l - Delayed Fireball      Conj/Fire      N/A          1%          7    ######.
m - Blink                 Tloc           N/A          2%          2    None
r - Repel Missiles        Chrm/Air       #####.       1%          2    None
F - Fireball              Conj/Fire      #######...   1%          5    ###....


Dungeon Overview and Level Annotations

Branches:
Dungeon (14/15)            Temple (0/1) D:5            Lair (6/6) D:10
 Shoals (4/4) Lair:3        Snake (4/4) Lair:4        Slime (0/5) Lair:5
    Orc (2/2) D:10            Elf (3/3) Orc:2        Vaults (2/5) D:14
  Crypt: Vaults:2-3

Altars:
Ashenzari
Gozag
Kikubaaqudgha
Makhleb
Nemelex Xobeh
Qazlal
Ru
Sif Muna
Trog
Vehumet
Xom
Yredelemnul
Zin
Beogh
Jiyva

Shops:
D:4 (   D:10 !   D:12 [   Orc:2 :(?::   Shoals:2 }

Annotations:
D:3 exclusion: player ghost, Sagrath01's ghost, amateur OpFE
D:13 exclusion: obsidian statue
Lair:5 1 runed door
Snake:2 Asterion
Vaults:2 Margery; Sojobo


Innate Abilities, Weirdness & Mutations

You have a beak for a mouth.
You have claws for feet.
You can fly continuously.
Your mind is acute. (Int +2)
You passively map a small area around you.
Your muscles are very strong. (Str +4)
Your movements are slightly less encumbered by armour. (ER -2)
[You often lose your temper in combat.]
[Your body sometimes deteriorates upon taking damage.]
[You are very dopey. (Int -4)]
[You are very frail. (-20% HP)]
[You sometimes yell uncontrollably at your foes.]


Message History

You peck the starcursed mass, but do no damage.
The starcursed mass is moderately damaged.
The starcursed mass shudders and is absorbed by its neighbour.
A chorus of shrieks assaults your mind.
* * * LOW HITPOINT WARNING * * *
You hit the small abomination.
You claw the small abomination, but do no damage.
You peck the small abomination, but do no damage.
The small abomination is lightly damaged.
A chorus of shrieks assaults your mind.
* * * LOW HITPOINT WARNING * * *
A starcursed mass splits. x2
You feel yourself speed up.
You block the small abomination's attack.
A chorus of shrieks assaults your mind.
* * * LOW HITPOINT WARNING * * *
You are very lightly contaminated with residual magic.
A starcursed mass splits.
A chorus of shrieks assaults your mind.
You die...

.#.. ..# .###...#.
#.# .........#.
.##...# .# ..#.
#.#......### # #
#..###.X#X.#.....#
#. #..#. XX3#...
##.
#..#..###X###.#.#
. ##.....x#.##. .#
vv #...#.....##. .
. #.@.#..# .. ..
#..###.## #... .#
#... ## #.#. .#.#
## #


You could see 4 starcursed masses, a smoke demon and a small abomination.

Vanquished Creatures
  Nikola (Snake:4)
  Jorgrun (Shoals:3)
  Rupert (Lair:5)
  Polyphemus (Shoals:3)
  2 krakens
  Frances (D:14)
  Agnes (D:14)
  A tengu reaver (Vaults:2)
  Kirke (Shoals:3)
  Donald (Snake:3)
  2 deep elf sorcerers
  Ilsuiw (Shoals:4)
  13 greater nagas
  3 vault wardens (Vaults:1)
  4 ironheart preservers (Vaults:1)
  2 stone giants (Vaults:2)
  3 deep elf demonologists
  An entropy weaver (Vaults:1)
  Nessos (Lair:5)
  4 deep elf annihilators
  3 dire elephants (Lair:6)
  The ghost of p0werm0de the Thaumaturge, a journeyman DsIE of Dithmenos (Orc:2)
  2 deep elf death magi
  7 merfolk impalers
  Snorg (Orc:1)
  4 merfolk javelineers (Shoals:4)
  2 fire dragons
  A yaktaur captain (Vaults:2)
  4 ogre magi
  3 ice dragons (Vaults:1)
  8 hydras
  11 naga warriors
  2 alligator snapping turtles
  6 centaur warriors
  9 anacondas
  13 death yaks
  2 merfolk avatars (Shoals:4)
  A catoblepas (Shoals:3)
  25 dancing weapons
  Erica (Lair:1)
  10 merfolk aquamancers
  12 shock serpents
  An orc high priest (Elf:2)
  A satyr (Shoals:2)
  A thrashing horror (Abyss:3)
  Urug (Orc:1)
  3 large abominations (Abyss:3)
  9 naga sharpshooters
  A wretched star (Abyss:3)
  19 deep elf knights
  A hell knight (Vaults:2)
  3 salamander mystics
  22 sea snakes
  3 unseen horrors
  8 naga ritualists
  An unseen horror (shapeshifter) (D:14)
  A death drake (shapeshifter) (Vaults:1)
  3 deep trolls (Vaults:1)
  21 deep elf archers
  9 skeletal warriors
  Pikel (D:9)
  4 hill giants
  3 ironbrand convokers (Vaults:2)
  2 wizards
  4 orc knights
  A necromancer (Vaults:2)
  9 mana vipers
  9 ugly things
  15 manticores
  6 fauns
  12 harpies
  2 wolf spiders
  15 griffons
  9 orc sorcerers (Orc:2)
  75 deep elf magi
  15 salamanders
  13 cyclopes
  4 elephants (Lair:6)
  2 hornets (Vaults:2)
  7 sirens
  5 guardian serpents
  A water nymph (shapeshifter) (Vaults:2)
  6 water nymphs
  13 naga magi
  A smoke demon (Abyss:3)
  52 black mambas
  2 vault sentinels
  15 spiny frogs
  A gargoyle (D:13)
  9 komodo dragons
  An efreet (D:13)
  10 yaktaurs
  3 kobold demonologists
  A redback zombie (D:14)
  5 rime drakes
  A freezing wraith (Abyss:3)
  A tengu conjurer (D:13)
  33 merfolk
  2 polar bears
  A merfolk (shapeshifter) (Elf:1)
  5 trolls
  9 two-headed ogres
  A tengu simulacrum (Vaults:1)
  14 slime creatures
  5 wind drakes
  3 boulder beetles
  38 blink frogs
  A raiju (Abyss:3)
  14 snapping turtles
  A spriggan (D:7)
  A shadow (D:14)
  21 water elementals
  10 wyverns
  41 yaks
  A hog (Shoals:3)
  3 fire elementals
  2 wraiths
  6 basilisks
  Grum (D:8)
  11 vampire mosquitoes
  5 hungry ghosts
  17 hippogriffs
  A steam dragon (D:11)
  A steam dragon (shapeshifter) (Elf:1)
  A swamp worm (shapeshifter) (D:14)
  43 nagas
  A mottled dragon (D:14)
  A chaos spawn (Abyss:3)
  3 wargs
  14 water moccasins
  9 porcupines
  A black bear (Lair:2)
  A hornet simulacrum (D:14)
  A sky beast (shapeshifter) (D:14)
  An ice beast (D:12)
  2 sky beasts
  27 orc warriors
  A phantom (D:6)
  A wasp (D:12)
  An ettin simulacrum (Vaults:2)
  20 ogres
  14 wolves
  A necrophage (D:7)
  5 boggarts
  25 centaurs
  17 crocodiles
  10 big kobolds
  27 giant frogs
  4 earth elementals
  A wyvern zombie (D:14)
  A wyvern skeleton (D:14)
  4 scorpions
  9 killer bees
  13 wights
  7 electric eels
  A howler monkey (D:13)
  2 lava snakes
  7 crimson imps
  5 centaur zombies
  A human simulacrum (Vaults:1)
  5 hounds
  A quasit (D:13)
  A jelly (D:7)
  24 orc priests
  A giant frog skeleton (D:6)
  3 iron imps
  33 orc wizards
  A gnoll shaman (D:5)
  13 iguanas
  7 worker ants
  A killer bee zombie (D:10)
  34 sheep
  2 worker ant zombies (D:6)
  10 adders
  28 gnolls
  A howler monkey skeleton (D:5)
  54 river rats
  4 shadow imps
  3 ufetubi (Abyss:3)
  An ooze (D:6)
  2 adder zombies
  4 worms
  2 dart slugs
  3 giant geckos
  92 orcs
  4 ball pythons
  3 giant cockroaches
  46 goblins
  26 hobgoblins
  18 jackals
  5 quokkas
  16 bats
  A giant gecko skeleton (D:4)
  4 giant newts
  A jackal zombie (D:5)
  27 kobolds
  21 rats
  3 bushes (D:13)
  A fungus (Lair:6)
  11 plants
  3 tentacles
  2 tentacle segments
1668 creatures vanquished.

Vanquished Creatures (collateral kills)
  A deep elf blademaster (Elf:2)
  Aizul (Snake:4)
  A starcursed mass (Abyss:3)
  A yaktaur captain (Vaults:2)
  An ogre mage (Vaults:2)
  A naga warrior (Snake:4)
  A deep troll earth mage (Vaults:1)
  An anaconda (Snake:4)
  A centaur warrior (Vaults:1)
  2 death yaks (Shoals:3)
  A tengu warrior (D:13)
  4 deep elf knights
  A hell knight (Vaults:2)
  A skeletal warrior (D:13)
  A deep troll (Vaults:1)
  2 sea snakes (Snake:4)
  A hill giant (Vaults:1)
  6 deep elf magi
  2 ugly things (Vaults:1)
  A cyclops (D:13)
  A siren (Shoals:4)
  2 guardian serpents (Snake:4)
  A naga mage (Snake:4)
  A freezing wraith (Vaults:1)
  A red devil (Abyss:3)
  A merfolk (Shoals:4)
  A slime creature (Vaults:1)
  A shadow (D:13)
  2 nagas (Snake:4)
  2 ogres (Vaults:1)
  2 centaurs (Vaults:1)
  A jelly (D:13)
  An orc priest (D:12)
  A hound (D:13)
  3 orcs
52 creatures vanquished.

Vanquished Creatures (others)
  A naga sharpshooter (Snake:4)
  A deep elf mage (Elf:1)
  A raiju (Abyss:3)
  An air elemental (Elf:1)
  6 humans (Shoals:4)
  A fire bat (Abyss:3)
  A porcupine (shapeshifter) (Abyss:3)
  A killer bee (D:12)
  2 bushes
  20 fungi
  30 plants
  29 tentacles
  865 tentacle segments
959 creatures vanquished.

Grand Total: 2679 creatures vanquished

Notes
Turn   | Place    | Note
-------+----------+-------------------------------------------
     0 | D:1      | nubinia the Tengu Fire Elementalist began the quest for the Orb.
     0 | D:1      | Reached XP level 1. HP: 10/10 MP: 4/4
   147 | D:1      | Reached XP level 2. HP: 15/15 MP: 4/6
   170 | D:1      | Learned a level 2 spell: Throw Flame
   654 | D:1      | Reached XP level 3. HP: 12/19 MP: 0/7
   764 | D:1      | Learned a level 3 spell: Conjure Flame
  1649 | D:2      | Found a deep blue altar of Sif Muna.
  1665 | D:2      | Became a worshipper of Sif Muna the Loreminder
  1779 | D:2      | Reached skill level 2 in Conjurations
  1779 | D:2      | Reached XP level 4. HP: 24/24 MP: 1/8
  2509 | D:2      | Found a shimmering altar of Xom.
  2530 | D:2      | Gained mutation: You can fly. [Tengu growth]
  2530 | D:2      | Reached XP level 5. HP: 28/28 MP: 7/10
  2564 | D:2      | Reached skill level 3 in Conjurations
  2736 | D:2      | Noticed a moth of wrath
  2741 | D:2      | Found a bloodstained altar of Trog.
  2959 | D:3      | Noticed Sagrath01's ghost (amateur OpFE)
  3397 | D:3      | Reached XP level 6. HP: 32/32 MP: 1/11
  3458 | D:3      | Reached skill level 4 in Conjurations
  3467 | D:3      | Reached * piety under Sif Muna
  3467 | D:3      | Reached skill level 5 in Fire Magic
  4206 | D:4      | Found Lostryof's Weapon Emporium.
  4355 | D:4      | Found a basalt altar of Yredelemnul.
  5272 | D:5      | Entered Level 5 of the Dungeon
  5416 | D:5      | Reached skill level 1 in Invocations
  5498 | D:5      | Reached XP level 7. HP: 29/37 MP: 9/13
  5555 | D:5      | Found a staircase to the Ecumenical Temple.
  5850 | D:5      | Reached skill level 1 in Polearms
  5850 | D:5      | Reached skill level 5 in Conjurations
  5970 | D:5      | Found a sparkling altar of Nemelex Xobeh.
  5970 | D:5      | Found an opulent altar of Gozag.
  6465 | D:6      | Reached XP level 8. HP: 42/42 MP: 6/14
  6492 | D:6      | Reached ** piety under Sif Muna
  6513 | D:6      | Learned a level 4 spell: Sticky Flame
  6555 | D:6      | Found a stormy altar of Qazlal.
  6698 | D:6      | Reached skill level 6 in Conjurations
  7207 | D:6      | Reached skill level 7 in Conjurations
  7590 | D:6      | Reached XP level 9. HP: 46/46 MP: 12/16
  7719 | D:6      | Reached *** piety under Sif Muna
  7994 | D:7      | Learned a level 3 spell: Stone Arrow
  8012 | D:7      | Reached skill level 8 in Conjurations
  8126 | D:7      | Reached skill level 1 in Fighting
  8459 | D:7      | Got a fine robe
  8581 | D:7      | Reached skill level 5 in Spellcasting
  8606 | D:7      | Reached skill level 9 in Conjurations
  8660 | D:7      | Found a sacrificial altar of Ru.
  8888 | D:8      | Found a burning altar of Makhleb.
  8890 | D:8      | Noticed a blizzard demon
  8892 | D:8      | Found a glowing silver altar of Zin.
  8893 | D:8      | Noticed an angel
  9025 | D:8      | Noticed Grum
  9025 | D:8      | Reached **** piety under Sif Muna
  9037 | D:8      | Reached XP level 10. HP: 49/52 MP: 10/18
  9044 | D:8      | Killed Grum
  9270 | D:8      | Reached skill level 5 in Invocations
 10550 | D:9      | Reached skill level 10 in Conjurations
 10804 | D:9      | Noticed Pikel
 10812 | D:9      | Killed Pikel
 10812 | D:9      | Reached ***** piety under Sif Muna
 10887 | D:10     | Entered Level 10 of the Dungeon
 11021 | D:10     | Found Kybos's Distillery.
 11582 | D:10     | Found a staircase to the Orcish Mines.
 11775 | D:10     | Reached skill level 11 in Conjurations
 11920 | D:10     | Found a staircase to the Lair.
 11999 | D:10     | Gained mutation: You passively map a small area around you. [potion of mutation]
 11999 | D:10     | Gained mutation: Your muscles are strong. (Str +2) [potion of mutation]
 11999 | D:10     | Gained mutation: Your mind is acute. (Int +2) [potion of mutation]
 12043 | D:10     | Bought a potion of beneficial mutation for 490 gold pieces
 12043 | D:10     | Bought a potion of magic for 112 gold pieces
 12043 | D:10     | Gained mutation: Your muscles are very strong. (Str +4) [potion of beneficial mutation]
 12225 | D:10     | Noticed a hill giant
 12243 | D:10     | Killed a hill giant
 12243 | D:10     | Reached skill level 5 in Dodging
 12243 | D:10     | Reached skill level 10 in Fire Magic
 12243 | D:10     | Reached XP level 11. HP: 57/57 MP: 6/21
 12478 | Lair:1   | Entered Level 1 of the Lair of Beasts
 12712 | Lair:1   | Learned a level 5 spell: Fireball
 12714 | Lair:1   | Reached ****** piety under Sif Muna
 12714 | Lair:1   | Received a gift from Sif Muna
 12739 | Lair:1   | Identified Sif Muna's Compendium of Confrontation and Translocation (Sif Muna gifted it to you on level 1 of the Lair of Beasts)
 12757 | Lair:1   | Reached skill level 12 in Conjurations
 12987 | Lair:1   | Identified the cursed +1 robe "Dyedeps" {rElec rPois Stlth+} (You found it on level 7 of the Dungeon)
 13113 | Lair:1   | Noticed Erica
 13120 | Lair:1   | Killed Erica
 13866 | Lair:2   | Learned a level 2 spell: Repel Missiles
 14625 | Lair:2   | Reached skill level 1 in Maces & Flails
 14787 | Lair:2   | Reached skill level 13 in Conjurations
 14810 | Lair:2   | Reached skill level 1 in Shields
 14818 | Lair:2   | Reached XP level 12. HP: 51/62 MP: 10/24
 15587 | Lair:3   | Received a gift from Sif Muna
 15588 | Lair:3   | Identified Fixacucus's Incunabulum of Flamy Snow (Sif Muna gifted it to you on level 3 of the Lair of Beasts)
 15593 | Lair:3   | Learned a level 3 spell: Mephitic Cloud
 16043 | Lair:3   | Learned a level 3 spell: Ignite Poison
 16169 | Lair:3   | Found a staircase to the Shoals.
 16957 | Lair:3   | Reached skill level 14 in Conjurations
 17630 | Lair:4   | Found a staircase to the Snake Pit.
 17845 | Lair:4   | Noticed an eight-headed hydra
 18100 | Lair:4   | Killed an eight-headed hydra
 18242 | Lair:4   | Reached XP level 13. HP: 50/68 MP: 18/26
 18650 | Lair:4   | Received a gift from Sif Muna
 18651 | Lair:4   | Identified Sif Muna's Catalogue of Attacks (Sif Muna gifted it to you on level 4 of the Lair of Beasts)
 18659 | Lair:4   | Learned a level 4 spell: Force Lance
 19282 | Lair:5   | Reached skill level 15 in Conjurations
 19832 | Lair:5   | Found a shattered altar of Ashenzari.
 19855 | Lair:5   | Noticed Nessos
 19864 | Lair:5   | Noticed Rupert
 19880 | Lair:5   | Killed Nessos
 20211 | Lair:5   | Killed Rupert
 20622 | Lair:5   | Found a runed door.
 20623 | Lair:5   | Found a viscous altar of Jiyva.
 21152 | Lair:5   | Reached skill level 1 in Translocations
 21320 | Lair:5   | Received a gift from Sif Muna
 21321 | Lair:5   | Identified Sif Muna's Incunabulum of Monotheism (Sif Muna gifted it to you on level 5 of the Lair of Beasts)
 21357 | Lair:5   | Noticed an acid blob
 21359 | Lair:5   | Found a staircase to the Slime Pits.
 21395 | Lair:6   | Entered Level 6 of the Lair of Beasts
 21666 | Lair:5   | Reached skill level 16 in Conjurations
 22047 | Lair:6   | Gained mutation: You can fly continuously. [Tengu growth]
 22047 | Lair:6   | Reached XP level 14. HP: 74/74 MP: 13/28
 22320 | Lair:6   | Reached skill level 10 in Spellcasting
 22408 | Lair:6   | Reached skill level 1 in Poison Magic
 22570 | Lair:6   | Reached skill level 1 in Air Magic
 23023 | Lair:6   | Reached skill level 5 in Stealth
 23183 | Lair:5   | Upgraded the game from 0.19-a0-831-gce7da8b to 0.19-a0-854-gc78d25d
 23183 | Lair:5   | Upgraded the game from 0.19-a0-854-gc78d25d to 0.19-a0-926-g4486784
 23183 | Lair:5   | Upgraded the game from 0.19-a0-926-g4486784 to 0.19-a0-1007-g133f65f
 23351 | Lair:6   | Reached skill level 1 in Transmutations
 23518 | Lair:6   | Received a gift from Sif Muna
 24699 | Lair:6   | Reached skill level 17 in Conjurations
 25024 | Lair:6   | Noticed a dire elephant
 25024 | Lair:6   | Noticed a dire elephant
 25026 | Lair:6   | Noticed a dire elephant
 25057 | Lair:6   | Killed a dire elephant
 25270 | Lair:6   | Learned a level 5 spell: Lightning Bolt
 25310 | Lair:6   | Killed a dire elephant
 25475 | Lair:6   | Killed a dire elephant
 25475 | Lair:6   | Reached skill level 15 in Fire Magic
 25655 | Lair:6   | Identified the amulet "Yzimulel" {RegenMP rPois} (You found it on level 6 of the Lair of Beasts)
 26514 | D:11     | Gained mutation: Your movements are slightly less encumbered by armour. (ER -2) [potion of beneficial mutation]
 27187 | D:11     | Received a gift from Sif Muna
 27188 | D:11     | Identified Sif Muna's Handbook of Envenoming (Sif Muna gifted it to you on level 11 of the Dungeon)
 27196 | D:10     | Reached XP level 15. HP: 78/78 MP: 20/30
 27329 | D:11     | Learned a level 3 spell: Static Discharge
 27362 | D:11     | Reached skill level 5 in Air Magic
 28624 | D:12     | Found Izus's Armour Shoppe.
 28637 | D:12     | Bought the +4 cloak "Igeyghav" {Str+5} for 714 gold pieces
 29482 | Orc:1    | Entered Level 1 of the Orcish Mines
 29482 | Orc:1    | Noticed Urug
 29509 | Orc:1    | Killed Urug
 29898 | Orc:2    | Entered Level 2 of the Orcish Mines
 29900 | Orc:2    | Found Gautuq's Book Emporium.
 29958 | Orc:2    | Noticed p0werm0de's ghost (journeyman DsIE)
 30359 | Snake:1  | Entered Level 1 of the Snake Pit
 32075 | Snake:2  | Received a gift from Sif Muna
 32075 | Snake:2  | Reached skill level 18 in Conjurations
 32076 | Snake:2  | Identified Qikadin's Compendium of Fiery Necromancy (Sif Muna gifted it to you on level 2 of the Snake Pit)
 32092 | Snake:2  | Learned a level 4 spell: Iskenderun's Mystic Blast
 32732 | Snake:2  | Noticed a greater naga
 33010 | Snake:2  | Noticed Asterion
 33183 | Snake:2  | Killed a greater naga
 33183 | Snake:2  | Reached XP level 16. HP: 82/84 MP: 8/32
 34336 | Snake:3  | Noticed a greater naga
 34376 | Snake:3  | Killed a greater naga
 34528 | Snake:4  | Entered Level 4 of the Snake Pit
 34616 | Snake:4  | Noticed a greater naga
 35117 | Snake:3  | Received a gift from Sif Muna
 35117 | Snake:3  | Reached skill level 1 in Armour
 35118 | Snake:3  | Identified Sif Muna's Volume of Destructive Transmigration (Sif Muna gifted it to you on level 3 of the Snake Pit)
 35306 | Snake:2  | Noticed a greater naga
 35317 | Snake:2  | Killed a greater naga
 35324 | Snake:2  | Learned a level 5 spell: Bolt of Magma
 35596 | Shoals:1 | Entered Level 1 of the Shoals
 35608 | Lair:3   | Reached skill level 19 in Conjurations
 37299 | Shoals:2 | Noticed a kraken
 38591 | Shoals:2 | Killed a kraken
 38715 | Shoals:2 | Found Toth's Gadget Boutique.
 39043 | Orc:2    | Killed p0werm0de's ghost
 39043 | Orc:2    | Reached XP level 17. HP: 89/89 MP: 15/33
 39294 | Orc:1    | Noticed Snorg
 39299 | Orc:1    | Killed Snorg
 39300 | Orc:1    | Received a gift from Sif Muna
 39308 | Orc:1    | Learned a level 2 spell: Shroud of Golubria
 39366 | Orc:2    | Found a staircase to the Elven Halls.
 39824 | Orc:2    | Found Puim's Antique Weapon Shop.
 39947 | Orc:2    | Found an ancient bone altar of Kikubaaqudgha.
 40197 | Orc:2    | Found a roughly hewn altar of Beogh.
 40197 | Orc:2    | Found Ateim's Magic Scroll Boutique.
 40198 | Orc:2    | Found Ajerist's Book Shop.
 40246 | Orc:2    | Found Deojytz's Book Shop.
 40271 | Orc:2    | Found a radiant altar of Vehumet.
 40481 | Elf:1    | Entered Level 1 of the Elven Halls
 40509 | Orc:2    | Reached skill level 10 in Air Magic
 41320 | Elf:1    | Reached skill level 5 in Armour
 41443 | Elf:1    | Reached skill level 20 in Conjurations
 42853 | Elf:1    | Learned a level 1 spell: Apportation
 42908 | Elf:1    | Received a gift from Sif Muna
 42909 | Elf:1    | Identified Sif Muna's Handbook of Feathers (Sif Muna gifted it to you on level 1 of the Elven Halls)
 43030 | Elf:1    | Learned a level 4 spell: Summon Lightning Spire
 43279 | Elf:2    | Reached skill level 1 in Summonings
 43701 | Elf:2    | Reached XP level 18. HP: 95/95 MP: 20/35
 44567 | Elf:2    | Found a huge runed gate.
 44567 | Elf:2    | Found a huge runed gate.
 44567 | Elf:2    | Found a huge runed gate.
 44567 | Elf:2    | Found a huge runed gate.
 44626 | Elf:2    | Found a huge runed gate.
 45711 | Elf:2    | Reached skill level 21 in Conjurations
 45750 | Elf:2    | Received a gift from Sif Muna
 45848 | Elf:2    | Identified Sif Muna's Compendium of Bewitching Slavery (Sif Muna gifted it to you on level 2 of the Elven Halls)
 45853 | Elf:2    | Learned a level 3 spell: Dazzling Spray
 46101 | Elf:2    | Noticed a deep elf blademaster
 46147 | Elf:2    | Killed a deep elf blademaster
 47315 | Snake:4  | Noticed Donald
 47318 | Snake:4  | Noticed Aizul
 47431 | Snake:4  | Killed Aizul
 48031 | Snake:3  | Killed Donald
 48712 | Snake:4  | Reached XP level 19. HP: 100/100 MP: 32/37
 49182 | Snake:4  | Reached skill level 5 in Summonings
 49468 | Snake:4  | Reached skill level 5 in Maces & Flails
 49573 | Snake:4  | Received a gift from Sif Muna
 49576 | Snake:4  | Identified Sif Muna's Tome of the Blaze (Sif Muna gifted it to you on level 4 of the Snake Pit)
 49584 | Snake:4  | Learned a level 6 spell: Bolt of Fire
 49588 | Snake:4  | Learned a level 3 spell: Conjure Flame
 49671 | Snake:4  | Noticed Nikola
 49706 | Snake:4  | Killed Nikola
 49706 | Snake:4  | Reached skill level 1 in Charms
 51289 | Snake:4  | Reached skill level 5 in Shields
 51619 | Snake:4  | Got a serpentine rune of Zot
 51929 | Shoals:3 | Received a gift from Sif Muna
 51930 | Shoals:3 | Identified Sif Muna's Disquisition on Battle Magic (Sif Muna gifted it to you on level 3 of the Shoals)
 52026 | Shoals:3 | Noticed Polyphemus
 52090 | Shoals:3 | Noticed Jorgrun
 52123 | Shoals:3 | Killed Jorgrun
 52123 | Shoals:3 | Reached skill level 22 in Conjurations
 52164 | Shoals:3 | Killed Polyphemus
 53477 | Shoals:3 | Reached XP level 20. HP: 104/104 MP: 24/38
 53803 | Shoals:4 | Entered Level 4 of the Shoals
 53819 | Shoals:3 | Reached skill level 5 in Fighting
 53903 | Shoals:4 | Noticed Ilsuiw
 53981 | Shoals:4 | Noticed Kirke
 53988 | Shoals:4 | Killed Ilsuiw
 54009 | Shoals:3 | Killed Kirke
 55294 | Shoals:4 | Got a jewelled chain mail
 55299 | Shoals:4 | Identified the +4 chain mail "Pijiraal" {rElec rC- rCorr Int+3} (You took it off a merfolk impaler on level 4 of the Shoals)
 56071 | Shoals:4 | Reached skill level 10 in Armour
 56187 | Shoals:4 | Received a gift from Sif Muna
 56188 | Shoals:4 | Identified Sif Muna's Disquisition on Battle Magic and Companions (Sif Muna gifted it to you on level 4 of the Shoals)
 56606 | Shoals:4 | Got a barnacled rune of Zot
 58776 | D:14     | Noticed Agnes
 58797 | D:14     | Killed Agnes
 59746 | D:14     | Found a gate to the Vaults.
 59917 | D:14     | Noticed Frances
 59924 | D:14     | Killed Frances
 60116 | Vaults:1 | Entered Level 1 of the Vaults
 60199 | Vaults:1 | Reached skill level 23 in Conjurations
 60978 | Vaults:1 | Received a gift from Sif Muna
 60978 | Vaults:1 | Reached XP level 21. HP: 110/110 MP: 17/40
 61005 | Vaults:1 | Identified Madamuma's Reference Book on the Enthralling Volcanoes (Sif Muna gifted it to you on level 1 of the Vaults)
 61014 | Vaults:1 | Learned a level 7 spell: Delayed Fireball
 62574 | Vaults:1 | Identified the +7 ring mail of the Nine Wars {+Blink MR+ Int+4 Dex-2} (You found it on level 1 of the Vaults)
 63504 | Vaults:2 | Noticed Sojobo
 63874 | Vaults:2 | Noticed Margery
 65880 | Elf:3    | Entered Level 3 of the Elven Halls
 66044 | Elf:2    | Received a gift from Sif Muna
 66047 | Elf:2    | Identified Sif Muna's Incunabulum of the Compass and Battle Magic (Sif Muna gifted it to you on level 2 of the Elven Halls)
 66051 | Elf:2    | Learned a level 2 spell: Blink
 66340 | Elf:3    | Reached skill level 15 in Air Magic
 66479 | Elf:3    | Found a radiant altar of Vehumet.
 66721 | Elf:3    | Cast into level 3 of the Abyss (a deep elf sorcerer)
 66721 | Abyss:3  | Found a corrupted altar of Lugonu.
 66900 | Abyss:3  | Paralysed by you for 2 turns
 67328 | Abyss:3  | HP: 3/88 [balrug/divine providence (10)]
 67607 | Abyss:3  | Paralysed by accursed screaming for 1 turns
 67613 | Abyss:3  | HP: 4/88 [starcursed mass/accursed screaming (9)]
 67615 | Abyss:3  | Killed from afar by a starcursed mass

Vault maps used:
D:1:      saegor_arrival_miasma, minmay_misc_feat_rows
D:2:      old_standard_altar, nicolae_overflow_crystal_walls, tgw_trog
D:4:      lemuel_doored_altar, serial_shops, nicolae_shop_behind_doors,
          kennysheep_generic_room_3
D:5:      grunt_temple_overflow_opulence, first_bread
D:6:      minmay_goblin_kobold_castle, nicolae_qazlal_eye_of_the_storm,
          grunt_ministairs_7, minmay_statues_item
D:7:      nicolae_ru_path_of_blood, the_bakery
D:8:      grunt_temple_overflow_order_and_chaos_2, uniq_grum
D:9:      uniq_pikel
D:10:     grunt_lair_entry_orc_guard_hut, david_orc_4, serial_shops, shop
D:11:     hangedman_corner_corridor
D:12:     serial_shops, nicolae_shop_statue_plus, lemuel_flamethrower_3
D:13:     kennysheep_kobold_grotto, kennysheep_opposing_triangles
D:14:     hangedman_vaults_entry_quadrant_bands, infiniplex_staircase_zigzag_2,
          bh_walls_and_bars, uniq_frances, uniq_agnes
Lair:1:   beast_lair_carwin_large_3, serial_bayou_pond_d,
          hangedman_lair_unloving_vines, grunt_forest_small_clearing_treed,
          lemuel_fruit_tree, uniq_erica
Lair:2:   serial_bayou_ford_a, infiniplex_staircase_pool
Lair:3:   elwin_shoals_entry_rooms, minivault_25, beast_lair_carwin_11,
          serial_bayou_shore_a
Lair:4:   dummy_snake_entry, beast_lair_carwin_1
Lair:5:   slime_altar_2, basic_altar, hangedman_lair_generics_rect, uniq_rupert,
          uniq_nessos
Lair:6:   due_jungle_book, special_room
Shoals:2: serial_shops, shop
Shoals:3: nicolae_shoals_arrival_archipelago, uniq_polyphemus, uniq_jorgrun
Shoals:4: shoals_end_simple, shoal_ilsuiw, uniq_kirke
Snake:1:  serial_bayou_shore_b
Snake:2:  uniq_asterion
Snake:3:  special_room
Snake:4:  grunt_snake_rune_pools, uniq_donald, uniq_nikola, uniq_aizul
Orc:1:    uniq_urug, uniq_snorg
Orc:2:    kennysheep_orc_mage_school, serial_shops, shop
Elf:1:    minmay_elf_arrival_circle, evilmike_minifort
Elf:2:    minmay_crystal_room
Elf:3:    elf_hall_gauntlet_narrow, basic_altar
Vaults:1: grunt_vaults_bifocal, v_alt_pattern_5, v_misc_31,
          vaults_room_semicircle, hangedman_vaults_restitches,
          grunt_vaults_funnel, vaults_room_grid, nicolae_vaults_theta,
          nicolae_vaults_angled_halls
Vaults:2: v_misc_23, nicolae_vaults_minivaults, vaults_dpeg_diagonal,
          vaults_room_grid, v_rooms_4, nicolae_vaults_border_crossing,
          uniq_margery, uniq_sojobo

Skill      XL: |  1  2  3  4  5  6  7  8  9 10 11 12 13 14 15 16 17 18 19 20 21 |
---------------+----------------------------------------------------------------+-----
Fire Magic     | 4 5 6 7 8 10 11 12 14 15 16 17 18 | 18.2
Conjurations   | 2 3 4 5 7 9 11 13 14 16 17 18 19 20 21 22 23 | 23.6
Spellcasting   | 3 4 5 6 7 8 9 10 11 12 13 14 | 14.9
Dodging        | 3 4 5 6 7 8 |  8.4
Invocations    | 1 3 4 5 |  5.0
Polearms       | 1 2 3 |  3.1
Stealth        | 3 4 5 6 7 |  7.1
Fighting       | 1 2 3 4 5 |  5.4
Maces & Flails | 1 2 3 4 5 6 |  6.3
Shields        | 1 2 3 4 5 6 |  6.4
Translocations | 1 2 3 4 |  4.8
Poison Magic   | 2 3 |  3.2
Air Magic      | 4 7 9 10 12 13 14 15 | 15.0
Transmutations | 1 |  1.0
Armour         | 3 6 8 9 10 11 | 11.0
Summonings     | 1 4 5 6 |  6.4
Charms         | 1 |  1.4
Throwing       | |  0.4
Earth Magic    | |  0.2
Evocations     | |  0.4

Action                   |  1- 3 |  4- 6 |  7- 9 | 10-12 | 13-15 | 16-18 | 19-21 || total
-------------------------+-------+-------+-------+-------+-------+-------+-------++-------
Melee: Mace              |    17 |       |       |       |       |       |       ||    17
       Peck              |     3 |     6 |    24 |    33 |   171 |   114 |   215 ||   566
       Kick              |     4 |     6 |    27 |    40 |   237 |   163 |   318 ||   795
       Spear             |       |    60 |   178 |   175 |    31 |       |       ||   444
       Flail             |       |       |       |    13 |   403 |   370 |   728 ||  1514
 Fire: Blowgun           |       |       |       |     5 |     1 |       |       ||     6
 Cast: Flame Tongue      |    31 |    69 |   138 |   260 |   156 |       |       ||   654
       Throw Flame       |    27 |    59 |   101 |   216 |   149 |   393 |   339 ||  1284
       Conjure Flame     |       |       |    10 |    18 |       |       |     4 ||    32
       Sticky Flame      |       |       |     4 |    48 |   124 |    74 |   134 ||   384
       Fireball          |       |       |       |    17 |   100 |   215 |   370 ||   702
       Repel Missiles    |       |       |       |     1 |     1 |     9 |    10 ||    21
       Mephitic Cloud    |       |       |       |     4 |    74 |    42 |    45 ||   165
       Force Lance       |       |       |       |       |   133 |   154 |   154 ||   441
       Ignite Poison     |       |       |       |       |    13 |       |       ||    13
       Stone Arrow       |       |       |       |       |     9 |       |       ||     9
       Iskenderun's Myst |       |       |       |       |     3 |   113 |    60 ||   176
       Static Discharge  |       |       |       |       |     2 |       |       ||     2
       Bolt of Magma     |       |       |       |       |       |     6 |       ||     6
       Shroud of Golubri |       |       |       |       |       |    11 |    39 ||    50
       Summon Lightning  |       |       |       |       |       |     8 |    57 ||    65
       Dazzling Spray    |       |       |       |       |       |     2 |     3 ||     5
       Bolt of Fire      |       |       |       |       |       |       |    16 ||    16
       Delayed Fireball  |       |       |       |       |       |       |     6 ||     6
       Blink             |       |       |       |       |       |       |     1 ||     1
Invok: Channel Magic     |       |    26 |   117 |   172 |   115 |     1 |     4 ||   435
       Divine Energy     |       |       |       |       |     1 |       |       ||     1
       Forget Spell      |       |       |       |       |       |     5 |       ||     5
 Abil: Fly               |       |    14 |    19 |    46 |    23 |     3 |     1 ||   106
       Stop Flying       |       |       |       |       |       |     3 |     1 ||     4
       Release Delayed F |       |       |       |       |       |       |     4 ||     4
Evoke: Wand              |       |       |       |       |     3 |     8 |     9 ||    20
       Sack of spiders   |       |       |       |       |       |       |     2 ||     2
  Use: Scroll            |     3 |     9 |     3 |    13 |    11 |     8 |    15 ||    62
       Potion            |       |     1 |       |     2 |     4 |     2 |    21 ||    30
 Stab: Sleeping          |       |     4 |     5 |       |     7 |     7 |     5 ||    28
       Confused          |       |       |       |     4 |    34 |    12 |    15 ||    65
       Distracted        |       |       |       |     1 |     1 |     2 |     8 ||    12
       Paralysed         |       |       |       |       |       |       |     1 ||     1
  Eat: Chunk             |     5 |    20 |    32 |    64 |    71 |    62 |    67 ||   321
       Beef jerky        |       |       |     1 |     1 |     4 |     4 |     4 ||    14
       Royal jelly       |       |       |       |     1 |     1 |     2 |     1 ||     5
       Pizza             |       |       |       |       |       |     1 |     1 ||     2
       Fruit             |       |       |       |       |       |       |    19 ||    19
Armor: Robe              |     3 |     9 |    18 |    19 |   108 |    56 |    29 ||   242
       Leather armour    |       |       |       |       |       |    37 |   132 ||   169
       Ring mail         |       |       |       |       |       |       |    17 ||    17
Dodge: Dodged            |    23 |    43 |    92 |   115 |   470 |   570 |   854 ||  2167
       Deflected         |       |       |       |       |     6 |    35 |    46 ||    87
Block: Buckler           |       |       |       |    30 |   145 |   163 |       ||   338
       Shield            |       |       |       |       |       |    38 |   647 ||   685
       Reflection        |       |       |       |       |       |     1 |     6 ||     7
